 Dungeon Crawl Stone Soup version 0.22-a0-247-gbddf880 (webtiles) character file.

39 Amnesiac the Charlatan (level 3, 0/20 HPs)
             Began as a Deep Elf Artificer on Feb 25, 2018.
             Slain by an orc
             ... wielding a +0 whip
              (3 damage)
             ... on level 3 of the Dungeon.
             The game lasted 00:03:36 (772 turns).

Amnesiac the Charlatan (Deep Elf Artificer)          Turns: 772, Time: 00:03:37

Health: 0/20       AC:  3    Str: 10    XL:     3   Next: 26%
Magic:  8/8        EV: 12    Int: 15    God:
Gold:   23         SH:  0    Dex: 15    Spells: 2/2 levels left

rFire    . . .     SeeInvis .   g - +2 whip (elec)
rCold    . . .     Gourm    .   (no shield)
rNeg     . . .     Faith    .   b - +0 leather armour
rPois    .         Spirit   .   (no helmet)
rElec    .         Reflect  .   (no cloak)
rCorr    .         Harm     .   (no gloves)
MR       .....                  (no boots)
Stlth    ++........             (no amulet)
HPRegen  0.06/turn              (no ring)
MPRegen  0.11/turn              (no ring)

@: no status effects
A: no striking features
a: no special abilities


You were on level 3 of the Dungeon.
You were not hungry.

You visited 1 branch of the dungeon, and saw 3 of its levels.

You collected 23 gold pieces.

Inventory:

Hand Weapons
 g - a +2 whip of electrocution (weapon)
 j - a +0 dagger of speed
Missiles
 i - 23 stones (quivered)
Armour
 b - a +0 leather armour (worn)
 k - a +0 pair of gloves
Wands
 c - a wand of flame (15)
 d - a wand of enslavement (15)
 e - a wand of random effects (15)
Scrolls
 h - 2 scrolls of identify {!r, unknown}
Comestibles
 a - 8 chunks of flesh
 f - 3 rations


   Skills:
 - Level 0.7 Fighting
 - Level 1.0 Short Blades
 - Level 2.4 Dodging
 - Level 1.2 Stealth
 + Level 4.9 Evocations


You had 2 spell levels left.
You didn't know any spells.

Dungeon Overview and Level Annotations

Branches:
Dungeon (3/15)

Altars:


Message History

You closely miss the orc.
The orc is severely wounded.
The orc hits you but does no damage.
You closely miss the orc.
The orc is severely wounded.
The orc completely misses you.
You hit the orc.
You kill the orc!
Some of the chunks of flesh in your inventory have rotted away.
You closely miss the frilled lizard. The frilled lizard barely misses you.
You barely miss the frilled lizard.
The frilled lizard bites you but does no damage.
You hit the frilled lizard.
You kill the frilled lizard!
You hit the orc.
The orc is moderately wounded.
The orc hits you with a flail.
You hit the orc but do no damage.
The orc is moderately wounded.
The orc hits you with a flail.
You barely miss the orc.
The orc is moderately wounded.
The orc hits you with a flail.
* * * LOW HITPOINT WARNING * * *
You hit the orc but do no damage.
The orc is moderately wounded.
The orc barely misses you.
You closely miss the orc.
The orc is moderately wounded.
The orc barely misses you.
You hit the orc. Lightning courses through the orc!
You kill the orc!
The orc throws a tomahawk.
The tomahawk hits you but does no damage.
The orc barely misses you.
Items here: ) [ ††† a flail; a leather armour; an orc corpse; a frilled lizard corpse an orc corpse You hit the orc.
The orc is lightly wounded.
The orc closely misses you.
You closely miss the orc.
The orc is lightly wounded.
The orc completely misses you.
You hit the orc.
The orc is moderately wounded.
The orc hits you but does no damage.
You hit the orc.
The orc is heavily wounded.
The orc barely misses you. x2
You closely miss the orc.
The orc is heavily wounded.
The orc closely misses you.
You hit the orc but do no damage.
The orc is heavily wounded.
The orc misses you.
You barely miss the orc.
The orc is heavily wounded.
The orc hits you with a whip.
* * * LOW HITPOINT WARNING * * *
You closely miss the orc.
The orc is heavily wounded.
The orc hits you with a whip.
You die...

# #.......# #
#.#####.# #
###########.#####.#
###.##...........##.#
.......######.##.##.#
#.....## #.##.##.#
##...## #.......#
###.## ####(#### #
#.# #@# # #.# #o# #+#
... ....# #....#
..#### ... ....


You could see an orc.

Vanquished Creatures
  An adder (D:2)
  A worm (D:1)
  2 orcs (D:3)
  3 goblins
  6 hobgoblins
  2 jackals (D:1)
  3 kobolds
  A bat (D:2)
  4 frilled lizards
  A rat (D:2)
24 creatures vanquished.

Notes
Turn   | Place    | Note
-------+----------+-------------------------------------------
     0 | D:1      | Amnesiac the Deep Elf Artificer began the quest for the Orb.
     0 | D:1      | Reached XP level 1. HP: 11/11 MP: 5/5
   352 | D:1      | Reached XP level 2. HP: 16/16 MP: 6/6
   358 | D:1      | Reached skill level 4 in Evocations
   565 | D:2      | Reached XP level 3. HP: 17/20 MP: 8/8
   772 | D:3      | Slain by an orc

Vault maps used:
D:1:      saegor_arrival_simple_d
D:2:      first_ration, feat_on_display
D:3:      lemuel_upstairs_altar, old_standard_altar

Skill      XL: |  1  2 |
---------------+-------+-----
Evocations     | 4 |  4.9
Fighting       | |  0.7
Short Blades   | |  1.0
Dodging        | |  2.4
Stealth        | |  1.2

Action                   || total
-------------------------++-------
Melee: Whip              ||    82
 Stab: Sleeping          ||     1
Armor: Leather armour    ||    22
Dodge: Dodged            ||    52

Table legend:
 A = Spawn XP
 B = Non-spawn XP
 C = Spawn XP percentage of total XP
 D = Spawn monster count
 E = Non-spawn monster count
 F = Spawn count percentage of total count
 G = Total turns spent on level
                    A         B        C        D         E        F      G
               +---------+---------+-------+---------+---------+-------+---------
         Total |       0 |      56 |   0.0 |       0 |      24 |   0.0 |   772
               +---------+---------+-------+---------+---------+-------+---------
           D:1 |       0 |      22 |   0.0 |       0 |      10 |   0.0 |   493
           D:2 |       0 |      27 |   0.0 |       0 |      11 |   0.0 |   208
           D:3 |       0 |       7 |   0.0 |       0 |       3 |   0.0 |    71
               +---------+---------+-------+---------+---------+-------+---------
